 Dungeon Crawl Stone Soup version 0.29.1-1-gd02db6906a (webtiles) character file.

Game seed: 9222333295482887446

116 Araneus the Cudgeller (level 4, 0/35 HPs)
             Began as a Demonspawn Fighter on Sept 30, 2022.
             Slain by a gnoll
             ... wielding a +0 club
              (4 damage)
             ... on level 2 of the Dungeon on Oct 1, 2022.
             The game lasted 00:04:36 (2384 turns).

Araneus the Cudgeller (Demonspawn Fighter)          Turns: 2384, Time: 00:04:37

Health: 0/35       AC:  8    Str: 18    XL:     4   Next: 70%
Magic:  4/4        EV:  9    Int: 10    God:
Gold:   184        SH:  4    Dex: 12    Spells: 3/3 levels left

rFire   . . .      SeeInvis .   a - +0 flail
rCold   . . .      Faith    .   c - +0 buckler
rNeg    . . .      Spirit   .   b - +0 scale mail
rPois   .          Reflect  .   (no helmet)
rElec   .          Harm     .   (no cloak)
rCorr   .          Rampage  .   (no gloves)
Will    .....                   (no boots)
Stlth   ..........              (no amulet)
HPRegen 0.11/turn               (no ring)
MPRegen 0.09/turn               (no ring)

@: no status effects
A: icy blue scales 1, powered by death 1
a: no special abilities


You were on level 2 of the Dungeon.
You visited 1 branch of the dungeon, and saw 2 of its levels.

You collected 184 gold pieces.

Inventory:

Hand Weapons
 a - a +0 flail (weapon)
 l - the +1 whip "Soewecad" {vorpal, rElec Dex+4}
   (You found it on level 2 of the Dungeon)

   It inflicts extra damage upon your enemies.
   Dex:       It affects your dexterity (+4).
   rElec:     It insulates you from electricity.
Missiles
 g - 2 throwing nets (quivered)
Armour
 b - a +0 scale mail (worn)
 c - a +0 buckler (worn)
Scrolls
 f - 4 scrolls of identify {unknown}
 i - a scroll of teleportation {unknown}
 j - a scroll of fear {unknown}
 m - 3 scrolls of enchant weapon {unknown}
 n - a scroll of amnesia {unknown}
Potions
 d - a potion of might
 e - a potion of lignification {unknown}
 h - a potion of brilliance {unknown}
 k - a potion of cancellation {unknown}


   Skills:
 - Level 3.0 Fighting
 + Level 4.5 Maces & Flails
 - Level 2.6 Armour
 - Level 2.6 Shields


You had 3 spell levels left.
You didn't know any spells.
Your spell library was empty.

Dungeon Overview and Level Annotations

Branches:
Dungeon (2/15)

Altars:
Xom


Innate Abilities, Weirdness & Mutations

You are partially covered in icy blue scales. (AC +2)
You regenerate a little health from kills.


Message History

You are too injured to fight recklessly!
You are too injured to fight recklessly!
You are too injured to fight recklessly!
You are too injured to fight recklessly!
You are too injured to fight recklessly!
You are too injured to fight recklessly!
You are too injured to fight recklessly!
You are too injured to fight recklessly!
The gnoll hits you with a +0 whip.
You see here a throwing net.
You are too injured to fight recklessly!
You are too injured to fight recklessly!
You are too injured to fight recklessly!
You are too injured to fight recklessly!
You are too injured to fight recklessly!
You are too injured to fight recklessly!
You are too injured to fight recklessly!
You are too injured to fight recklessly!
You closely miss the gnoll. The gnoll barely misses you.
You hit the gnoll.
The gnoll is severely wounded.
The gnoll hits you but does no damage.
You hit the gnoll but do no damage.
The gnoll is severely wounded.
The gnoll hits you with a +0 whip.
* * * LOW HITPOINT WARNING * * *
You hit the gnoll.
The gnoll is severely wounded.
The gnoll hits you with a +0 whip!
* * * LOW HITPOINT WARNING * * *
You barely miss the gnoll.
The gnoll is severely wounded.
The gnoll hits you but does no damage.
You barely miss the gnoll.
The gnoll is severely wounded.
The gnoll closely misses you. The gnoll hits you but does no damage.
You sock the gnoll!
You kill the gnoll!
You barely miss the gnoll. The gnoll hits you with a +0 club.
You die...

..###.#.## #.##.##.##
### ##.## #.##....#.
#.# #>##..#### #.#
#.##.##.#. #.#
#.##.#..'. ##.######
#.##.##.#. #..).)..#
#.##..####
##.####.####.###...#.
#gg@........# ###.##
##.####.###### #..#
###...###.##### ##..
#.(.#.........# ###
#)#...###.###.# #
#.##.## #.# #.# #
#.##.# #.# #.# #.##.#
#.# #.# #.##.. #.#
#.#


You could see 2 gnolls.

Vanquished Creatures
  3 gnolls
  An adder (D:2)
  An orc (D:2)
  2 bats
  8 endoplasms
  A giant cockroach (D:2)
  20 goblins
  7 hobgoblins
  5 jackals
  3 kobolds (D:1)
  3 quokkas
  5 ball pythons
  4 frilled lizards
  2 rats
65 creatures vanquished.

Notes
Turn   | Place    | Note
-------+----------+-------------------------------------------
     0 | D:1      | Araneus the Demonspawn Fighter began the quest for the Orb.
     0 | D:1      | Reached XP level 1. HP: 18/18 MP: 1/1
    18 | D:1      | Reached skill level 2 in Maces & Flails
   233 | D:1      | Gained mutation: You are partially covered in icy blue
                  | scales. (AC +2) [demonic ancestry]
   233 | D:1      | Reached XP level 2. HP: 19/24 MP: 2/2
   440 | D:1      | Reached skill level 3 in Maces & Flails
   591 | D:1      | Reached XP level 3. HP: 26/29 MP: 3/3
  1932 | D:2      | Reached skill level 4 in Maces & Flails
  1932 | D:2      | Gained mutation: You regenerate a little health from kills.
                  | [demonic ancestry]
  1932 | D:2      | Reached XP level 4. HP: 32/35 MP: 4/4
  1989 | D:2      | Found a shimmering altar of Xom.
  1996 | D:2      | Identified the +1 whip "Soewecad" {vorpal, rElec Dex+4}
  2384 | D:2      | Slain by a gnoll

Illustrated notes

Levels and vault maps discovered:
D:1:      dpeg_arrival_tiny_c, layout_basic, minmay_pentomino_w2
D:2:      cheibrodos_greedy_goblins, layout_loops_ring, basic_altar

Skill      XL: |  1  2  3 |
---------------+----------+-----
Maces & Flails | 2 3 4 |  4.5
Fighting       | |  3.0
Armour         | |  2.6
Shields        | |  2.6

Action                   |  1- 3 |  4- 6 || total
-------------------------+-------+-------++-------
Melee: Flail             |   142 |    70 ||   212
Armor: Scale mail        |    60 |    30 ||    90
Dodge: Dodged            |    67 |    24 ||    91
Block: Buckler           |    36 |    12 ||    48
